 Dungeon Crawl Stone Soup version 0.29-a0-870-g2c972031a6 (webtiles) character file.

Game seed: 18402318849811286190

4047 scionoferis the Frost Mage (level 10, -8/63 HPs)
             Began as a Demonspawn Ice Elementalist on July 17, 2022.
             Was a Follower of Vehumet.
             Shot with an arrow by a centaur warrior (14 damage)
             ... on level 7 of the Dungeon.
             The game lasted 00:30:27 (8023 turns).

scionoferis the Frost Mage (DsIE)                   Turns: 8023, Time: 00:30:27

Health: -8/63      AC: 15    Str:  9    XL:     10   Next: 4%
Magic:  13/19      EV: 12    Int: 20    God:    Vehumet [*.....]
Gold:   387        SH:  4    Dex: 20    Spells: 5/21 levels left

rFire   x . .      SeeInvis .   R - +4 great sword
rCold   + . .      Faith    .   (shield currently unavailable)
rNeg    . . .      Spirit   .   P - +0 acid dragon scales
rPois   .          Reflect  .   x - +0 helmet
rElec   .          Harm     .   S - +2 cloak
rCorr   +          Rampage  .   (no gloves)
Will    .....                   (no boots)
Stlth   ++........              V - amulet of magic regeneration
HPRegen 0.20/turn               k - +6 ring of dexterity
MPRegen 0.56/turn               n - ring of ice

@: very slightly contaminated
A: demonic guardian 1, icemail 1, sturdy frame 2, condensation shield, weakness
stinger 2
a: Renounce Religion


You were on level 7 of the Dungeon.
You worshipped Vehumet.
Vehumet was aware of your devotion.
You visited 2 branches of the dungeon, and saw 8 of its levels.

You collected 387 gold pieces.

Inventory:

Hand Weapons
 a - a +2 dagger of venom
 b - a +0 shortbow
 e - a +0 dagger
 m - a +0 rapier
 I - a +1 hand axe of electrocution
 K - a +0 dagger of draining
 Q - a +0 dagger of flaming
 R - a +4 great sword (weapon)
 T - a +0 vorpal spear
Missiles
 c - 67 stones (quivered)
 h - 13 poisoned darts
 E - 6 boomerangs
 U - 2 throwing nets
Armour
 t - a +0 leather armour of fire resistance
 x - a +0 helmet (worn)
 P - +0 acid dragon scales (worn)
 S - a +2 cloak (worn)
Jewellery
 k - a +6 ring of dexterity (left hand)
 n - a ring of ice (right hand)
 V - an amulet of magic regeneration (around neck)
 W - an amulet of faith
Wands
 F - a wand of polymorph (10)
 M - a wand of roots (9)
Scrolls
 d - 7 scrolls of identify
 g - 3 scrolls of immolation {unknown}
 j - a scroll of summoning {unknown}
 l - a scroll of fear {unknown}
 p - 5 scrolls of amnesia {unknown}
 q - 2 scrolls of enchant weapon {unknown}
 r - 2 scrolls of fog {unknown}
 w - 2 scrolls of blinking {unknown}
 y - a scroll of teleportation {unknown}
 D - a scroll of enchant armour {unknown}
 H - 2 scrolls of noise {unknown}
 J - 2 scrolls of poison {unknown}
 L - a scroll of vulnerability {unknown}
 N - a scroll of magic mapping {unknown}
 O - a scroll of acquirement
Potions
 f - a potion of heal wounds {unknown}
 i - a potion of cancellation {unknown}
 o - 2 potions of attraction {unknown}
 s - 3 potions of curing
 u - a potion of lignification {unknown}
 v - a potion of ambrosia {unknown}
 z - 2 potions of degeneration {unknown}
 A - a potion of flight {unknown}
 B - 2 potions of haste {unknown}
 C - a potion of mutation {unknown}
 G - a potion of magic


   Skills:
 - Level 4.0 Armour
 - Level 1.7 Dodging
 - Level 1.7 Stealth
 + Level 6.4 Spellcasting
 + Level 6.8 Conjurations
 - Level 4.0 Hexes
 + Level 8.0 Ice Magic
 + Level 3.6 Air Magic


You had 5 spell levels left.
You knew the following spells:

 Your Spells              Type           Power      Damage    Failure   Level
a - Freeze                Ice            100%       1d11      1%          1
b - Frozen Ramparts       Ice            100%       1d12      1%          3
c - Ozocubu's Armour      Ice            55%        N/A       1%          3
d - Fulminant Prism       Conj/Hex       14%        3d9       11%         4
e - Freezing Cloud        Conj/Ice/Air   23%        6-21      22%         5

Your spell library contained the following spells:

 Spells                   Type           Power      Damage    Failure   Level
 Sandblast                Erth           12%        2d6       10%         1
 Magic Dart               Conj           100%       1d8       1%          1
 Searing Ray              Conj           66%        2d6       1%          2
 Dazzling Flash           Conj/Hex       56%        N/A       3%          3
 Hailstorm                Conj/Ice       53%        3d12      4%          4
 Silence                  Hex/Air        10%        N/A       50%         5
 Agony                    Necr           6%         N/A       95%         5
 Simulacrum               Ice/Necr       16%        N/A       96%         6
 Polar Vortex             Ice            27%        N/A       100%        9


Dungeon Overview and Level Annotations

Branches:
Dungeon (7/15)             Temple (1/1) D:5

Altars:
Cheibriados
Dithmenos
Fedhas
Gozag
Kikubaaqudgha
Makhleb
Okawaru
Qazlal
Ru
Sif Muna
Trog
Uskayaw
Vehumet
Wu Jian
Xom

Shops:
D:4 =   D:7 (

Annotations:
D:4 Menkaure


Innate Abilities, Weirdness & Mutations

A weak demonic guardian rushes to your aid.
A meltable icy envelope protects you from harm. (AC +4)
Your movements are less encumbered by armour. (ER -4)
A meltable shield of frost defends you. (SH +4)
You have a tail ending in a sharp stinger.


Message History

The arrow freezes you.
* * * LOW HITPOINT WARNING * * *
As you read the scroll labelled LOESOYR NUIQY, it crumbles to dust.
It is a scroll of identify.
O - a scroll of acquirement The centaur warrior shoots an arrow.
You block the arrow.
A sky beast comes into view.
Unknown command.
Aiming: Polymorph
Press: ? - help, Shift-Dir - straight line, f - centaur warrior
Aim: a centaur warrior, wielding a +2 shortbow of freezing (will become a deep troll, a faun, or a culicivora, chance to affect: 31%)
Okay, then.
Unknown command.
Casting: Ozocubu's Armour (safe; 1% risk of failure)
Confirm with . or Enter, or press ? or * to list all spells.
Okay, then.
Casting: Ozocubu's Armour (safe; 1% risk of failure)
Confirm with . or Enter, or press ? or * to list all spells.
The spell is quite dangerous to miscast (22% risk of failure)!
Continue anyway?
Uppercase [Y]es or [N]o only, please.
The spell is quite dangerous to miscast (22% risk of failure)!
Continue anyway?
Aiming: Freezing Cloud (quite dangerous; 22% risk of failure)
Press: ? - help, Dir - move target You feel a surge of power!
That beam is likely to hit you.
Continue anyway?
You miscast Freezing Cloud.
You are very lightly contaminated with residual magic.
You feel a sudden electric shock!
* * * LOW HITPOINT WARNING * * *
A demonic guardian appears!
The centaur warrior shoots an arrow.
The arrow barely misses your white imp. The arrow closely misses you.
A troll comes into view.
Your icy armour will break if you move.
Continue?
Uppercase [Y]es or [N]o only, please.
Your icy armour will break if you move.
Continue?
Your icy armour cracks and falls away as you move.
The centaur warrior shoots an arrow.
The arrow closely misses your white imp.
The arrow hits you!
You die...

#.##...#.....#####
#.##.............#
##########....######....#.T..#
#.......................# ##.#
#..###################..#
#..#.....#♣♣.♣♣ ♣.♣ #...>#
#..#†♣♣♣.#♣...♣#♣♣.♣♣#..###
#..#.♣ ♣..........♣..#..#
#..#.♣♣♣.#♣..@♣#♣♣.♣♣#..#
####..#.....#♣♣.♣♣ ♣.♣ #..#
......#♣♣.♣♣# #5# #.♣ #..#
#####.#♣♣.♣♣ ♣.♣ ♣.♣♣ #.#♣...♣
♣c♣ ♣♣.♣# #.#♣♣.♣♣ ♣Y♣ ♣♣.#..#
# #.#♣...♣


Q.T ♣♣.♣#..# # #.#♣♣.♣♣ .###. ♣♣.♣♣#..# # #.#♣...♣## ##♣.♣♣♣#..# You could see a
tengu warrior, a centaur warrior (ally target), a sky beast and a friendly white
imp (summoned).

Vanquished Creatures
  Maggie (D:6)
  Sigmund (D:5)
  A wraith (D:7)
  4 yaks (D:5)
  A steam dragon (D:6)
  2 water moccasins (D:7)
  An orc warrior (D:7)
  2 ice beasts
  A sky beast (D:6)
  An ogre (D:6)
  5 centaurs
  Blork the orc (D:4)
  A kobold brigand (D:7)
  2 necrophages
  A gnoll sergeant (D:7)
  3 scorpions
  A wight (D:7)
  4 hounds
  5 orc priests
  5 jellies
  A gnoll bouda (D:7)
  A scorpion zombie (D:4)
  5 iguanas
  8 orc wizards
  2 hound zombies (D:4)
  Robin (D:4)
  11 gnolls
  4 adders
  A white imp (D:6)
  4 ufetubi
  2 adder zombies (D:4)
  A worm (D:2)
  A dart slug (D:1)
  22 orcs
  9 ball pythons
  3 bats (D:1)
  5 endoplasms
  A giant cockroach (D:2)
  12 goblins
  13 hobgoblins
  4 jackals (D:3)
  9 kobolds
  4 quokkas
  A frilled lizard (D:3)
  4 rats
172 creatures vanquished.

Vanquished Creatures (others)
  3 fulminant prisms (D:6)
3 creatures vanquished.

Grand Total: 175 creatures vanquished

Notes
Turn   | Place    | Note
-------+----------+-------------------------------------------
     0 | D:1      | scionoferis the Demonspawn Ice Elementalist began the quest
                  | for the Orb.
     0 | D:1      | Reached XP level 1. HP: 13/13 MP: 3/3
   245 | D:1      | Gained mutation: Your movements are slightly less
                  | encumbered by armour. (ER -2) [demonic ancestry]
   245 | D:1      | Reached XP level 2. HP: 19/19 MP: 3/5
   326 | D:1      | Reached skill level 4 in Ice Magic
   365 | D:1      | Found a faded altar of an unknown god.
   841 | D:1      | Gained mutation: A meltable shield of frost defends you.
                  | (SH +4) [demonic ancestry]
   841 | D:1      | Reached XP level 3. HP: 24/24 MP: 2/6
   947 | D:1      | Learned a level 3 spell: Frozen Ramparts
  1139 | D:1      | Learned a level 3 spell: Ozocubu's Armour
  2322 | D:3      | Gained mutation: A meltable icy envelope protects you from
                  | harm. (AC +4) [demonic ancestry]
  2322 | D:3      | Reached XP level 4. HP: 30/30 MP: 2/8
  2644 | D:3      | Reached skill level 5 in Ice Magic
  3032 | D:4      | Gained mutation: You have a small tail. [demonic ancestry]
  3032 | D:4      | Reached XP level 5. HP: 31/35 MP: 5/9
  3034 | D:4      | Reached skill level 1 in Armour
  3336 | D:4      | Noticed Robin
  3345 | D:4      | Killed Robin
  3484 | D:4      | Noticed Menkaure
  3580 | D:4      | Gained mutation: Your movements are less encumbered by
                  | armour. (ER -4) [demonic ancestry]
  3580 | D:4      | Reached XP level 6. HP: 39/41 MP: 5/11
  3634 | D:4      | Found Golauxki's Jewellery Boutique.
  4087 | D:4      | Noticed Blork the orc
  4092 | D:4      | Killed Blork the orc
  4270 | D:5      | Entered Level 5 of the Dungeon
  4308 | D:5      | Reached skill level 6 in Ice Magic
  4316 | D:5      | Learned a level 4 spell: Fulminant Prism
  4428 | D:5      | Found a staircase to the Ecumenical Temple.
  4436 | D:5      | Noticed Sigmund
  4449 | D:5      | Reached skill level 1 in Conjurations
  4457 | D:5      | Reached XP level 7. HP: 46/46 MP: 6/12
  4493 | D:5      | Reached skill level 1 in Hexes
  4615 | D:5      | Killed Sigmund
  4679 | Temple   | Entered the Ecumenical Temple
  4962 | D:5      | Noticed a yak
  4962 | D:5      | Noticed a yak
  4962 | D:5      | Noticed a yak
  4963 | D:5      | Noticed a yak
  4990 | D:5      | Killed a yak
  4990 | D:5      | Killed a yak
  4991 | D:5      | Gained mutation: You have a tail ending in a sharp stinger.
                  | [demonic ancestry]
  4991 | D:5      | Reached XP level 8. HP: 52/52 MP: 8/14
  5132 | D:5      | Found a shadowy altar of Dithmenos.
  5134 | D:5      | Found a radiant altar of Vehumet.
  5151 | D:5      | Became a worshipper of Vehumet
  5301 | D:5      | You fall into a shaft and drop 2 floors!
  5302 | D:7      | Noticed a troll
  5378 | D:7      | Found Ryreguri's Weapon Shop.
  5410 | D:7      | Found a burning altar of Makhleb.
  5739 | D:7      | Reached skill level 5 in Spellcasting
  5812 | D:7      | Found an ancient bone altar of Kikubaaqudgha.
  5904 | D:7      | Reached skill level 5 in Conjurations
  6309 | D:5      | Reached skill level 7 in Ice Magic
  6361 | D:5      | Learned a level 5 spell: Freezing Cloud
  6445 | D:6      | Gained mutation: A weak demonic guardian rushes to your
                  | aid. [demonic ancestry]
  6445 | D:6      | Reached XP level 9. HP: 49/57 MP: 13/16
  6683 | D:6      | Reached skill level 1 in Air Magic
  6727 | D:6      | Reached * piety under Vehumet
  6727 | D:6      | Offered knowledge of Sandblast by Vehumet.
  6790 | D:6      | Noticed Maggie
  7181 | D:6      | Killed Maggie
  7865 | D:7      | Reached skill level 8 in Ice Magic
  7865 | D:7      | Reached XP level 10. HP: 62/63 MP: 17/19
  8016 | D:7      | Noticed a tengu warrior
  8016 | D:7      | Noticed a centaur warrior
  8021 | D:7      | Identified a scroll of acquirement
  8023 | D:7      | Shot with an arrow by a centaur warrior

Illustrated notes

Levels and vault maps discovered:
D:1:      dpeg_arrival_stone_temple_mockup, layout_basic,
          hellmonk_ecumenical_altar_heavens_door, minmay_misc_feat_four_crosses
D:2:      layout_loops_corners, basic_altar, corexii_item_surrounded_by_moat,
          nicolae_underground_beach
D:3:      layout_rooms
D:4:      layout_basic, nicolae_yredelemnul_corpse_copse, serial_shops,
          nicolae_shop_waterfront, uniq_robin, uniq_blork_the_orc, uniq_menkaure
D:5:      layout_rooms, chequers_temple_overflow_statue_of_worship,
          minmay_temple_entry_stoned_glass, uniq_sigmund
D:6:      layout_cave_pools, minmay_circle_x, uniq_maggie
D:7:      nzn_winding_woodlands_medium [nzn_winding_woodlands_5x5_default,
          nzn_winding_woodlands_5x15_pool, nzn_winding_woodlands_5x5_perimeter,
          nzn_winding_woodlands_5x5_checkerboard,
          nzn_winding_woodlands_center_pierced_h,
          nzn_winding_woodlands_5x5_default, nzn_winding_woodlands_5x5_three,
          nzn_winding_woodlands_5x15_crooked, nzn_winding_woodlands_5x5_cross],
          layout_basic, mainiacjoe_overflow_divided_tiny,
          kiku_gazebo_pond_becter, serial_shops, nicolae_shop_advertising_works
          [nicolae_subvault_shop_adworks], lemuel_another_geyser
Temple:   nicolae_temple_ecumenical_triangle

Skill      XL: |  1  2  3  4  5  6  7  8  9 |
---------------+----------------------------+-----
Ice Magic      | 4 5 6 7 8 |  8.0
Spellcasting   | 3 4 5 6 |  6.4
Armour         | 1 2 3 4 |  4.0
Conjurations   | 1 3 5 6 |  6.8
Hexes          | 2 3 4 |  4.0
Air Magic      | 3 |  3.6
Dodging        | |  1.7
Stealth        | |  1.7

Action                   |  1- 3 |  4- 6 |  7- 9 | 10-12 || total
-------------------------+-------+-------+-------+-------++-------
Melee: Dagger            |     3 |   103 |    96 |       ||   202
       Rapier            |    12 |       |       |       ||    12
       Punch             |     1 |     1 |     2 |       ||     4
       Tailslap          |       |    14 |    21 |     1 ||    36
       Great sword       |       |       |     7 |     9 ||    16
 Fire: Shortbow          |       |       |     8 |       ||     8
Throw: Dart              |       |       |     2 |       ||     2
       Stone             |       |       |     2 |       ||     2
 Cast: Freeze            |    32 |       |       |       ||    32
       Frozen Ramparts   |     4 |    21 |    42 |     2 ||    69
       Ozocubu's Armour  |     1 |     6 |    21 |     3 ||    31
       Fulminant Prism   |       |       |     3 |       ||     3
  Use: Potion            |       |       |     2 |       ||     2
       Scroll            |       |       |       |     1 ||     1
 Stab: Sleeping          |     4 |     2 |     1 |       ||     7
Armor: Robe              |     4 |       |       |       ||     4
       Leather armour    |       |    32 |    23 |       ||    55
       Acid dragon scale |       |       |    18 |     7 ||    25
Dodge: Dodged            |    20 |    55 |    62 |     7 ||   144
Block: Other             |     3 |    20 |    24 |     1 ||    48

Table legend: (Time is in decaauts)
 A = Elapsed time spent in this place.
 B = Non-inter-level travel time spent in this place.
 C = Inter-level travel time spent in this place.
 D = Time resting spent in this place.
 E = Time spent auto-exploring this place.
 F = Levels seen in this place.
 G = Mean time per level.
                   A        B        C        D        E       F      G
               +--------+--------+--------+--------+--------+-----+--------+
         Total |   8031 |   7873 |    158 |   1228 |   4819 |   8 | 1003.9 |
       Dungeon |   7987 |   7846 |    141 |   1228 |   4801 |   7 | 1141.0 |
        Temple |     43 |     26 |     17 |      0 |     18 |   1 |   43.0 |
               +--------+--------+--------+--------+--------+-----+--------+

Top non-repeatable levels by time:
     D:7: 1565 daAuts
     D:4: 1531 daAuts
     D:2: 1176 daAuts
     D:5: 1167 daAuts
     D:1: 1139 daAuts
     D:6: 873 daAuts
     D:3: 533 daAuts
  Temple: 43 daAuts
